Description

Credits go to Silverman that shared this on reddit

I thought I'd share this build I've developed vs. zerg with y'all. I play high Plat/low Diamond, and this season I've matched at least half of my games with zerg. Almost every single time they go for hydras. So, my strategy has been making about 8 oracles off of 2 stargates before teching into carriers and chargelots. Let me explain.

Replay - ggtracker_6905356

Build Order

Get SALT Encoding   

  14  0:20  Pylon  
  15  0:40  Gateway  
  16  0:46  Assimilator  
  20  1:26  Nexus  
  21  1:41  Cybernetics Core  
  22  1:51  Pylon  
  23  2:04  Assimilator  
  23  2:08  Zealot  
  23  2:11  Warp Gate  
  28  2:38  Adept  
  28  2:39  Mothership Core (Chrono Boost)  
  32  2:57  Pylon  
  33  2:59  Assimilator  
  34  3:07  Adept  
  40  3:31  Adept  
  44  3:47  Stargate x2  
  44  3:55  Assimilator  
  50  4:07  Pylon  
  50  4:20  Stalker  
  52  4:30  Pylon  
  52  4:31  Oracle x2  
  61  4:59  Pylon  
  63  5:02  Oracle x2  
  69  5:14  Nexus  
  69  5:18  Pylon  
  71  5:26  Zealot  
  73  5:33  Oracle x2  
  73  5:35  Gateway  
  73  5:37  Gateway  
  73  5:38  Gateway  
  83  6:04  Probe (Chrono Boost)  
  83  6:06  Oracle  
  86  6:16  Pylon  
  86  6:21  Oracle  
  91  6:38  Gateway  
  90  6:52  Oracle  
  94  7:02  Zealot  
  96  7:23  Oracle  
  99  7:32  Twilight Council  
  99  7:35  Fleet Beacon  
  99  7:37  Assimilator  
  102  7:39  Assimilator  
  102  7:43  Protoss Air Weapons Level 1  
  105  8:02  Pylon  
  108  8:15  Oracle x2  
  108  8:20  Pylon  
  108  8:21  Zealot  
  108  8:24  Graviton Catapult  
  116  8:29  Stargate  
  116  8:40  Carrier  
  116  8:50  Charge  
  122  9:07  Pylon  
  122  9:08  Pylon  
  122  9:13  Carrier  
  122  9:15  Carrier  
  122  9:16  Pylon  
  122  9:19  Pylon  
  122  9:22  Pylon  
  134  9:34  Zealot  
  134  9:35  Zealot x4  
  144  9:42  Gateway  
  144  9:44  Gateway  
  144  9:47  Gateway  
  144  9:48  Gateway  
  144  9:49  Gateway  
  144  9:51  Gateway  
  144  9:54  Gateway  
  144  9:58  Carrier  
Spawning Tool Build Advisor. Get it on Overwolf

Analysis

Credits go to Silverman that shared this on reddit https://www.reddit.com/r/allthingsprotoss/comments/5j7hks/my_8oracle_into_carrierchargelot_build_vs_zerg/

I open with gateway into nexus; extremely standard, usually with a full wall on the low-ground so I can have a safe expo. I'll usually only make the one gate unless I need another for the wall, and just produce enough defensive units out of there. My philosophy is that a lot of zergs will let you sit back and tech up because they want to do the same. However, a maxed out army of carriers and chargelots will completely roll over anything the zerg has, especially hydras. So I sit back with minimal units, just the MSC and a few adepts to defend. Note: on the first expo I take my gasses very early. About when I have both gasses on my expo I plop down my two Stargates, and begin making nonstop oracles from that point on (chrono stargates). At around the 5-6 minute mark I'll also take the 3rd and wall off as much as I can. When I have 8 oracles, I move out with them across the map, and drop the Fleet Beacon and Twilight, and eventually a 3rd Stargate. 8 oracles can snipe a zerg expo within seconds: just focus down the spores and queen and you can kill the drones and the hatch every time before their army arrives. Fly around with the oracles and keep the zerg on their side of the map while you begin pumping out 3 carriers at a time. At this point, if I have 3 bases that have gone untouched I will have a ton of minerals floating around, which is why I decided to incorporate chargelots into the build. Burn the extra minerals on gates and chargelots until you're maxed on carriers and chargelots. Hopefully your oracles will still be around.

Basically this shreds a hydra army, even with queens in it. As soon as their initial hydra army is burnt, the zerg will either hastily make more hydras, which will die, or try to get out corrupts, which can (1) be easily countered by voids and carriers kill them anyway, and (2) do nothing against your chargelots, which can just walk through them and kill a base. I've never died when I've reached the maxed carrier/chargelot army. The oracles, if they're still alive, are actually amazing at killing hydras too.

So, what is this build weak against? Honestly, the only thing I've died to is when two people back to back 6-pooled me. Many zergs will move out with a big roach/raveger/ling timing, but at that point I usually have at least 4 oracles out and they can deal with that easily with their beams and stasis wards (which you should be putting around your bases throughout the entire game). You can also die to non-stop ling harass in your expos: right about when you start building the first carriers is is when you need your eco firing on all cylinders, and if you lose too many workers it might be gg. Here's a replay vs. a diamond opponent I played where the strategy is showcased perfectly: check it out!

http://ggtracker.com/matches/6905356

Go to:

Details

  • Created by: gorfou
  • Published on: Jan 15, 2017
  • Modified on: Jan 16, 2017
  • Patch: 3.8.0
Show
View Real Time Build Order
Export as new Build Order

Comments (1)

On Jan. 21, 2017, 9:55 a.m., razorsharp11  said:

Thanks for the build - I've been trying it out.

If they quick tech switch to muta - carrier wreck them.

The only problem about oracles is that they are very fragile. Anything more than a queen + spore crawler and you can't really engage

Create an account to comment!